 Seeded DCSS version 0.30.1-5-ged363bc7ee (webtiles) character file.

Game seed: 15660985446129201502 (custom seed)

273 AccursedSamuel the Chopper (level 6, -2/38 HPs)
             Began as a Tengu Monk on Sept 19, 2023.
             Was a Priest of the Shining One.
             Slain by Sigmund
             ... wielding a +0 scythe of holy wrath
              (11 damage)
             ... on level 4 of the Dungeon.
             The game lasted 00:05:16 (2552 turns).

AccursedSamuel the Chopper (Tengu Monk)             Turns: 2552, Time: 00:05:16

Health: -2/38      AC:  2    Str: 13    XL:     6   Next: 24%
Magic:  7/7        EV: 16    Int: 10    God:    the Shining One [***...]
Gold:   244        SH:  0    Dex: 17    Spells: 5/5 levels left

rFire   . . .        s - +2 dagger (flame)
rCold   . . .        (no shield)
rNeg    + . .        b - +0 robe
rPois   .            (helmet restricted)
rElec   .            (no cloak)
rCorr   .            (no gloves)
SInv    .            (boots unavailable)
Will    .....        (no amulet)
Stlth   +            (no ring)
HPRegen 0.26/turn    (no ring)
MPRegen 0.10/turn

%: no passive effects
@: flying quickly and evasively, glowing, quick
A: beak, talons 3, nimble flight
a: Renounce Religion, Divine Shield, Cleansing Flame


You were on level 4 of the Dungeon.
You worshipped the Shining One.
The Shining One was most pleased with you.
You visited 1 branch of the dungeon, and saw 4 of its levels.

You collected 244 gold pieces.

Inventory:

Hand Weapons
 a - a +0 hand axe
 s - a +2 dagger of flaming (weapon)
Armour
 b - a +0 robe (worn)
 d - an orb of light
Jewellery
 p - a +4 ring of protection
Scrolls
 f - 5 scrolls of teleportation {unknown}
 h - a scroll of enchant armour {unknown}
 i - a scroll of noise {unknown}
 k - a scroll of immolation {unknown}
 n - a scroll of identify {unknown}
 r - a scroll of fog {unknown}
Potions
 c - a potion of ambrosia
 g - a potion of curing {unknown}
 j - a potion of degeneration {unknown}
 l - a potion of attraction {unknown}
 m - a potion of heal wounds {unknown}
 o - a potion of flight {unknown}
 q - 2 potions of magic {unknown}


   Skills:
 + Level 4.0 Fighting
 + Level 0.2 Short Blades
 + Level 4.8 Axes
 + Level 3.2 Staves
 + Level 4.3 Dodging
 + Level 1.0 Stealth


You had 5 spell levels left.
You didn't know any spells.
Your spell library contained the following spells:

 Spells                   Type           Power      Damage    Failure   Level
 Cigotuvi's Dreadful Rot  Necr/Pois/Air  0%         N/A       50%         2
 Lesser Beckoning         Tloc           0%         N/A       50%         2
 Gell's Gravitas          Tloc           0%         N/A       75%         3
 Ignite Poison            Fire/Tmut/Pois 0%         N/A       75%         3
 Teleport Other           Tloc           0%         N/A       75%         3
 Dispel Undead            Necr           0%         3d6       98%         4
 Sticky Flame             Conj/Fire      0%         2d3       98%         4
 Death Channel            Necr           0%         N/A       100%        6
 Ignition                 Fire           0%         3d3       100%        8


Dungeon Overview and Level Annotations

Branches:
Dungeon (4/15)
 Temple: D:4-7

Altars:
Wu Jian
The Shining One

Annotations:
D:2 1 runed translucent door, Crazy Yiuf
D:4 Ijyb, Sigmund


Innate Abilities, Weirdness & Mutations

You have a beak for a mouth.
You have claws for feet.
Your magical nature lets you fly swiftly and evasively.


Message History

You hear a shout!
Ijyb zaps a wand.
The mass of ice explodes!
The iceblast engulfs you!
The now-empty wand crumbles to dust.
Sigmund the Dreaded comes into view.
He is wielding a +0 scythe of holy wrath.
Sigmund shouts!
Ijyb screams, "Me very upset!"
You hit Ijyb but do no damage. Ijyb closely misses you.
You hit Ijyb but do no damage. You peck Ijyb.
Ijyb is lightly wounded.
Ijyb closely misses you.
You hit Ijyb but do no damage. You peck Ijyb. You punch Ijyb, but do no damage.
Ijyb is moderately wounded.
Ijyb closely misses you.
You hit Ijyb but do no damage. Your kick misses Ijyb.
Ijyb is moderately wounded.
Ijyb misses you.
Sigmund hits you from afar with a +0 scythe of holy wrath!
* * * LOW HITPOINT WARNING * * *
You hit Ijyb. You burn Ijyb.
Ijyb is moderately wounded.
Ijyb barely misses you.
You hit Ijyb. You burn Ijyb. You claw Ijyb, but do no damage.
Ijyb is severely wounded.
Sigmund casts a spell.
Sigmund flickers and vanishes for a moment.
Ijyb barely misses you.
You barely miss Ijyb. You peck Ijyb, but do no damage.
Ijyb is severely wounded.
Sigmund barely misses you. Ijyb barely misses you.
You hit Ijyb but do no damage.
Ijyb is severely wounded.
Ijyb barely misses you. Sigmund hits you but does no damage.
You hit Ijyb. You burn Ijyb. You peck Ijyb, but do no damage.
You punch Ijyb, but do no damage.
Ijyb is severely wounded.
Ijyb barely misses you.
You hit Ijyb but do no damage. Your kick misses Ijyb.
Ijyb is severely wounded.
Sigmund hits you from afar with a +0 scythe of holy wrath!
You die...

#.# ..############
#.##.@...@...#
#.##g#######.#
#.##@# #.##.#
#.##.### ..
####......#
...###.......#.#
........######.#
####....# #.#
.....>#.######.#
...#...†.......#.##


You could see Sigmund (invisible) and Ijyb.

Vanquished Creatures
  A scorpion (D:4)
  3 orc priests
  Jessica (D:2)
  An adder (D:2)
  2 ufetubi (D:4)
  3 dart slugs
  8 orcs
  6 endoplasms
  2 giant cockroaches (D:2)
  8 goblins
  5 hobgoblins
  6 kobolds
  5 quokkas
  4 ball pythons
  3 bats
  7 frilled lizards
  8 rats
  A spectral kobold (D:2)
74 creatures vanquished.

Notes
Turn   | Place    | Note
-------+----------+-------------------------------------------
     0 | D:1      | AccursedSamuel the Tengu Monk began the quest for the Orb.
     0 | D:1      | Reached XP level 1. HP: 14/14 MP: 2/2
    95 | D:1      | Reached XP level 2. HP: 19/19 MP: 3/3
    95 | D:1      | Identified a scroll of acquirement
    95 | D:1      | Acquired the +9 lajatang of Wyrd {vamp, rPois Int+5}
   451 | D:1      | Reached XP level 3. HP: 21/23 MP: 4/4
   935 | D:2      | Reached skill level 1 in Staves
   945 | D:2      | Found a faded altar of an unknown god.
   979 | D:2      | Prayed at the altar of an unknown god.
   979 | D:2      | Became a worshipper of the Shining One
   979 | D:2      | Reached * piety under the Shining One
   979 | D:2      | Reached ** piety under the Shining One
  1081 | D:2      | Found a runed translucent door.
  1082 | D:2      | Noticed Crazy Yiuf
  1360 | D:2      | Reached XP level 4. HP: 25/28 MP: 5/5
  1375 | D:2      | Noticed Jessica
  1392 | D:2      | Killed Jessica
  1632 | D:3      | Found an ornate altar of the Wu Jian Council.
  1996 | D:3      | Reached *** piety under the Shining One
  2007 | D:3      | Gained mutation: Your magical nature lets you fly swiftly
                  | and evasively. [Tengu growth]
  2007 | D:3      | Reached XP level 5. HP: 25/33 MP: 6/6
  2377 | D:4      | Reached skill level 1 in Stealth
  2466 | D:4      | Reached XP level 6. HP: 25/38 MP: 7/7
  2531 | D:4      | Noticed Ijyb
  2541 | D:4      | Noticed Sigmund
  2552 | D:4      | Slain by Sigmund

Illustrated notes

Levels and vault maps discovered:
D:1:      minmay_arrival_pointy, layout_loops_ring, minmay_gold_behind_fungi
D:2:      layout_basic, dreamdust_ecumenical_altar_drowned_temple,
          hangedman_decor_clover_reticule, fountainhead,
          uniq_crazy_yiuf_cottage, uniq_jessica
D:3:      layout_loops_ring, general_overflow_altar, serial_bayou_pond_d
D:4:      layout_basic, nicolae_eternal_life, uniq_ijyb, uniq_sigmund

Skill      XL: |  1  2  3  4  5 |
---------------+----------------+-----
Staves         | 1 2 3 |  3.2
Dodging        | 4 |  4.3
Axes           | 4 |  4.8
Stealth        | 1 |  1.0
Fighting       | 4 |  4.0
Short Blades   | |  0.2

Action                     |  1- 3 |  4- 6 || total
---------------------------+-------+-------++-------
  Melee: Hand axe          |    28 |    43 ||    71
         Peck              |     6 |    17 ||    23
         Kick              |    14 |    18 ||    32
         Lajatang          |    43 |       ||    43
         Dagger            |       |    37 ||    37
         Punch             |       |     3 ||     3
    Use: Scroll            |     1 |       ||     1
   Stab: Sleeping          |     1 |       ||     1
 Armour: Robe              |    15 |    12 ||    27
  Dodge: Dodged            |    69 |    71 ||   140
